 Dungeon Crawl Stone Soup version 0.27.1-35-g4d5d836560 (webtiles) character file.

Game seed: 16726508046161944118

254 Delamore the Sneak (level 6, -3/39 HPs)
             Began as an Octopode Brigand on May 16, 2022.
             Killed from afar by a white imp (13 damage)
             ... with a puff of frost
             ... on level 4 of the Dungeon.
             The game lasted 00:02:16 (2656 turns).

Delamore the Sneak (Octopode Brigand)               Turns: 2656, Time: 00:02:17

Health: -3/39      AC:  1    Str: 10    XL:     6   Next: 15%
Magic:  6/6        EV: 13    Int: 13    God:
Gold:   88         SH:  0    Dex: 16    Spells: 5/5 levels left

rFire    . . .     SeeInvis .   o - +1 hand axe (elec)
rCold    . . .     Faith    .   (no shield)
rNeg     . . .     Spirit   .   (helmet restricted)
rPois    .         Reflect  .   l - amulet of the acrobat
rElec    .         Harm     .   p - ring of willpower
rCorr    .         Rampage  .   (no ring)
Will     +....                  (no ring)
Stlth    ++++......             (no ring)
HPRegen  0.13/turn              (no ring)
MPRegen  0.10/turn              (no ring)
                                (no ring)
                                (no ring)

@: no status effects
A: almost no armour, amphibious, 8 rings, camouflage 1, gelatinous body 1,
(nimble swimmer 1), tentacles
a: no special abilities


You were on level 4 of the Dungeon.
You visited 1 branch of the dungeon, and saw 4 of its levels.

You collected 88 gold pieces.

Inventory:

Hand Weapons
 a - a +2 dagger
 d - a +0 vampiric hand axe
 n - a +0 war axe
 o - a +1 hand axe of electrocution (weapon)
Missiles
 b - 25 poisoned darts (quivered)
 c - 2 curare-tipped darts
Armour
 m - a +0 kite shield
Jewellery
 l - an amulet of the acrobat (around mantle)
 p - a ring of willpower (left tentacle)
Scrolls
 g - a scroll of immolation {unknown}
 i - a scroll of noise {unknown}
 j - a scroll of blinking {unknown}
 q - a scroll of identify {unknown}
Potions
 e - a potion of degeneration {unknown}
 f - 4 potions of curing {unknown}
 h - a potion of brilliance {unknown}
 k - 2 potions of heal wounds {unknown}


   Skills:
 - Level 2.0 Fighting
 - Level 2.0 Short Blades
 * Level 4.7 Axes
 + Level 3.8 Throwing
 - Level 1.0 Dodging
 - Level 5.3 Stealth


You had 5 spell levels left.
You didn't know any spells.
Your spell library contained the following spells:

 Spells                   Type           Power      Damage    Failure   Level
 Ozocubu's Armour         Ice            0%         N/A       67%         3
 Ozocubu's Refrigeration  Ice            0%         4d5       100%        7


Dungeon Overview and Level Annotations

Branches:
Dungeon (4/15)
 Temple: D:4-7

Altars:


Innate Abilities, Weirdness & Mutations

You cannot wear most types of armour.
You are amphibious.
You can wear up to eight rings at the same time.
Your skin changes colour to match your surroundings (Stealth+).
Your rubbery body absorbs attacks. (AC +1, EV +1)
((You are camouflaged near water. (Stealth+)))
You have tentacles for arms and can constrict up to eight enemies at once.


Message History

A white imp is nearby!
A white imp is nearby!
Found a lumpy bronze amulet.
The white imp shouts!
An adder comes into view.
Found 24 sling bullets and a scroll labelled EDGHOTHR VAITTUU.
The white imp gestures at you. The puff of frost hits you!
The adder hisses angrily.
You closely miss the white imp. You grab the white imp.
You constrict the white imp. The white imp barely misses you.
The white imp misses you.
You hit the white imp but do no damage.
The white imp is lightly wounded.
You constrict the white imp. The white imp gestures at you.
The puff of frost hits you!
You are too injured to fight recklessly!
You are too injured to fight recklessly!
You are too injured to fight recklessly!
You are too injured to fight recklessly!
You are too injured to fight recklessly!
You are too injured to fight recklessly!
You are too injured to fight recklessly!
You are too injured to fight recklessly!
You are too injured to fight recklessly!
You are too injured to fight recklessly!
You hit the white imp.
You squeeze the white imp, but do no damage.
The white imp is heavily wounded.
You closely miss the adder. You constrict the white imp.
The adder barely misses you. The white imp hits you. The white imp freezes you.
* * * LOW HITPOINT WARNING * * *
You barely miss the white imp.
The white imp is almost dead.
You barely miss the adder. You constrict the white imp.
The adder completely misses you. The white imp gestures at you.
The puff of frost hits you!
You die...

..#...........#
..#...........#
..#....##.....#
..#....##.....#
..##'####.....#######
..#....##...........#
..#....#............#
..'....+............#
..#....######.##@.#....
..#....# #.##S5..# #
..+....# .......#.#
..#....# #......#.#.#
..###########...#.##.#(
............#... .# #".
|......[....#... .# #?#
............#... .# #.
............###+#


You could see an adder and a white imp.

Vanquished Creatures
  An ogre (D:4)
  An orc priest (D:3)
  An orc wizard (D:3)
  3 adders
  An ufetubus (D:3)
  A worm (D:2)
  5 dart slugs (D:1)
  7 orcs (D:3)
  6 bats
  7 endoplasms
  3 giant cockroaches (D:1)
  8 goblins
  6 hobgoblins
  2 quokkas
  2 ball pythons (D:3)
  3 frilled lizards
  6 kobolds
  5 rats
68 creatures vanquished.

Notes
Turn   | Place    | Note
-------+----------+-------------------------------------------
     0 | D:1      | Delamore the Octopode Brigand began the quest for the Orb.
     0 | D:1      | Reached XP level 1. HP: 14/14 MP: 1/1
    70 | D:1      | Reached skill level 1 in Axes
    80 | D:1      | Reached XP level 2. HP: 19/19 MP: 2/2
   220 | D:1      | Reached XP level 3. HP: 24/24 MP: 3/3
  1025 | D:2      | Reached XP level 4. HP: 29/29 MP: 4/4
  1717 | D:3      | Reached XP level 5. HP: 32/34 MP: 5/5
  2479 | D:4      | Noticed an ogre
  2487 | D:4      | Killed an ogre
  2488 | D:4      | Reached XP level 6. HP: 35/39 MP: 6/6
  2656 | D:4      | Killed from afar by a white imp

Illustrated notes

Levels and vault maps discovered:
D:1:      minmay_arrival_hallway, layout_basic
D:2:      layout_basic, minmay_between, uniq_crazy_yiuf_cottage
D:3:      layout_loops_corners
D:4:      layout_gridville, minmay_circle_x

Skill      XL: |  1  2  3  4  5 |
---------------+----------------+-----
Axes           | 1 2 3 4 |  4.7
Throwing       | 3 |  3.8
Fighting       | |  2.0
Short Blades   | |  2.0
Dodging        | |  1.0
Stealth        | |  5.3

Action                   |  1- 3 |  4- 6 || total
-------------------------+-------+-------++-------
Melee: Hand axe          |    63 |    58 ||   121
       Constrict         |    19 |    15 ||    34
       Tentacles         |     5 |    14 ||    19
Throw: Dart              |       |     1 ||     1
 Stab: Sleeping          |    13 |     7 ||    20
Armor: Skin              |     6 |     4 ||    10
Dodge: Dodged            |    24 |    30 ||    54
